 Dungeon Crawl Stone Soup version 0.22-a0-433-gd2a9cce (webtiles) character file.

648893 George the Minotaur Blade (level 27, -9/265 HPs)
             Began as a Minotaur Fighter on May 26, 2018.
             Was a High Priest of Okawaru.
             Killed from afar by a starcursed mass (15 damage)
             ... with an accursed screaming
             ... summoned by an orange crystal statue
             ... while paralysed by accursed screaming
             ... on level 4 of the Abyss on May 28, 2018.
             The game lasted 03:10:37 (69268 turns).

George the Minotaur Blade (Minotaur Fighter)       Turns: 69268, Time: 03:10:38

Health: -9/265     AC: 51    Str: 28      XL:     27
Magic:  2/45       EV:  2    Int:  3 (8)  God:    Okawaru [*****.]
Gold:   7705       SH:  0    Dex: 24      Spells: 26/26 levels left

rFire    + + +     SeeInvis +   I - +10 scimitar of Exoneration {chaos, rF++ MR+ Str-3}
rCold    + + .     Gourm    .   X - +0 large shield {reflect}
rNeg     + . .     Faith    .   h - +10 gold dragon scales
rPois    +         Spirit   .   (helmet unavailable)
rElec    +         Reflect  +   M - +2 cloak {rPois}
rCorr    .         Harm     .   E - +3 pair of gauntlets of War {Slay+5}
MR       +++..                  R - +0 pair of boots "Qiah" {Dex+6}
Stlth    ..........             H - amulet of the acrobat
HPRegen  0.54/turn              c - ring of Accord {Wiz *Contam rElec rN+}
MPRegen  0.29/turn              x - ring of Onanoij {rPois rC+ MP+9 Int+3 SInv}

@: paralysed, mighty, heroism, finesse
A: retaliatory headbutt, horns 3, molten scales 1, rugged brown scales 1, blurry
vision 1
}: 3/15 runes: decaying, silver, gossamer
a: Heroism, Finesse, Renounce Religion


You were on level 4 of the Abyss.
You worshipped Okawaru.
Okawaru was extremely pleased with you.
You were hungry.

You visited 11 branches of the dungeon, and saw 49 of its levels.
You visited the Abyss 1 time.
You also visited: Sewer and Ossuary.

You collected 8520 gold pieces.
You spent 815 gold pieces at shops.

Inventory:

Hand Weapons
 u - a +4 antimagic demon blade
 F - a +0 double sword of holy wrath
 I - the +10 scimitar of Exoneration (weapon) {chaos, rF++ MR+ Str-3}
   (Okawaru gifted it to you on level 3 of the Depths)

   Each time it hits an enemy it has a different, random effect.
   It affects your strength (-3).
   It greatly protects you from fire.
   It affects your resistance to hostile enchantments.
Missiles
 o - 10 throwing nets (quivered)
Armour
 b - a +2 shield of resistance
 h - +10 gold dragon scales (worn)
 r - a +2 hat of magic resistance
 E - the +3 pair of gauntlets of War (worn) {Slay+5}
   (Okawaru gifted it to you on level 3 of the Lair of Beasts)

   It affects your accuracy and damage with ranged weapons and melee attacks
   (+5).
 M - a +2 cloak of poison resistance (worn)
 P - a scarf of resistance
 R - the +0 pair of boots "Qiah" (worn) {Dex+6}
   (You bought it in a shop on level 2 of the Orcish Mines)

   It affects your dexterity (+6).
 X - a +0 large shield of reflection (worn)
Jewellery
 c - the ring of Accord (left hand) {Wiz *Contam rElec rN+}
   (You took it off a deep elf mage on level 5 of the Vaults)

   [ring of wizardry]

   It improves your spell success rate.
   It insulates you from electricity.
   It protects you from negative energy.
   It causes magical contamination when unequipped.
 n - an uncursed ring of flight
 x - the ring of Onanoij (right hand) {rPois rC+ MP+9 Int+3 SInv}
   (You found it on level 3 of the Elven Halls)

   [ring of magical power]

   It affects your intelligence (+3).
   It protects you from cold.
   It protects you from poison.
   It affects your magic capacity (+9).
   It lets you see invisible.
 z - an uncursed ring of see invisible {unknown}
 H - an amulet of the acrobat (around neck)
 S - an uncursed ring of resist corrosion
Wands
 A - a wand of digging (56)
 J - a wand of scattershot (15)
 N - a wand of clouds (5)
 O - a wand of iceblast (38)
 U - a wand of acid (18)
Scrolls
 g - 18 scrolls of teleportation
 i - 5 scrolls of fear
 k - 9 scrolls of fog
 l - 2 scrolls of brand weapon
 p - 3 scrolls of holy word
 y - 6 scrolls of immolation
 B - 25 scrolls of remove curse
 C - 11 scrolls of enchant weapon
 D - 3 scrolls of blinking
 L - 2 scrolls of summoning
 V - 12 scrolls of identify
 Y - 8 scrolls of magic mapping
 Z - 2 scrolls of silence
Potions
 d - 7 potions of might
 e - 9 potions of haste
 j - 2 potions of cancellation
 m - 8 potions of agility
 q - 3 potions of resistance
 s - 16 potions of curing
 v - 2 potions of heal wounds
 G - 10 potions of mutation
Miscellaneous
 a - a lamp of fire
 t - 2 phantom mirrors
 w - the horn of Geryon
 T - a phial of floods
 W - a fan of gales
Comestibles
 f - 94 rations


   Skills:
 + Level 23.1(27) Fighting
 + Level 25.3(27) Long Blades
 + Level 23.1(27) Armour
 + Level 21.5(26.5) Dodging
 + Level 23.1(27) Shields
 + Level 20.0 Invocations


You had 26 spell levels left.
You didn't know any spells.
Your spell library contained the following spells:

 Spells                   Type           Power        Failure   Level  Hunger
 Cause Fear               Hex            #.........   100%        4    #####..
 Magic Dart               Conj           #...         77%         1    ##.....
 Fireball                 Conj/Fire      #.........   100%        5    ######.
 Apportation              Tloc           #.....       77%         1    ##.....
 Conjure Flame            Conj/Fire      #.......     98%         3    ####...
 Bolt of Fire             Conj/Fire      #.........   100%        6    #######
 Bolt of Magma            Conj/Fire/Erth #.........   100%        5    ######.
 Slow                     Hex            #.......     88%         2    ###....
 Confuse                  Hex            #.......     98%         3    ####...
 Invisibility             Hex            #.......     100%        6    #######
 Throw Flame              Conj/Fire      #.....       88%         2    ###....
 Throw Frost              Conj/Ice       #.....       88%         2    ###....
 Freezing Cloud           Conj/Ice/Air   #.........   100%        6    #######
 Mephitic Cloud           Conj/Pois/Air  #.......     98%         3    ####...
 Ring of Flames           Chrm/Fire      #.........   100%        7    #######
 Venom Bolt               Conj/Pois      #.........   100%        5    ######.
 Summon Small Mammal      Summ           #...         77%         1    ##.....
 Bolt of Draining         Conj/Necr      #.........   100%        5    ######.
 Blink                    Tloc           N/A          88%         2    ###....
 Iskenderun's Mystic Bla  Conj           #.......     100%        4    #####..
 Animate Dead             Necr           N/A          100%        4    #####..
 Animate Skeleton         Necr           N/A          77%         1    ##.....
 Freeze                   Ice            #...         77%         1    ##.....
 Sticky Flame             Conj/Fire      #.......     100%        4    #####..
 Summon Ice Beast         Ice/Summ       #.......     100%        4    #####..
 Ozocubu's Armour         Chrm/Ice       #.......     98%         3    ####...
 Call Imp                 Summ           #.......     88%         2    ###....
 Dispel Undead            Necr           #.......     100%        5    ######.
 Regeneration             Chrm/Necr      #.........   98%         3    ####...
 Sublimation of Blood     Necr           #.........   88%         2    ###....
 Tukima's Dance           Hex            #.......     98%         3    ####...
 Corpse Rot               Necr           N/A          88%         2    ###....
 Iron Shot                Conj/Erth      #.........   100%        6    #######
 Recall                   Summ/Tloc      N/A          98%         3    ####...
 Agony                    Necr           #.......     100%        5    ######.
 Spider Form              Tmut/Pois      #.........   98%         3    ####...
 Blade Hands              Tmut           #.........   100%        5    ######.
 Statue Form              Tmut/Erth      #........    100%        6    #######
 Ice Form                 Ice/Tmut       #.......     100%        4    #####..
 Death Channel            Necr           #.........   100%        6    #######
 Deflect Missiles         Chrm/Air       #.........   100%        6    #######
 Throw Icicle             Conj/Ice       #.......     100%        4    #####..
 Shadow Creatures         Summ           N/A          100%        6    #######
 Confusing Touch          Hex            #.....       77%         1    ##.....
 Flame Tongue             Conj/Fire      #....        77%         1    ##.....
 Ignite Poison            Fire/Tmut/Pois #.......     98%         3    ####...
 Sticks to Snakes         Tmut           #.......     88%         2    ###....
 Call Canine Familiar     Summ           #.......     98%         3    ####...
 Ensorcelled Hibernation  Hex/Ice        #.....       88%         2    ###....
 Metabolic Englaciation   Hex/Ice        #.........   100%        5    ######.
 Summon Butterflies       Summ           #.......     77%         1    ##.....
 Silence                  Hex/Air        #.........   100%        5    ######.
 Shatter                  Erth           #.........   100%        9    #######
 Corona                   Hex            #......      77%         1    ##.....
 Alistair's Intoxication  Tmut/Pois      #.......     100%        5    ######.
 Sandblast                Erth           #.....       77%         1    ##.....
 Simulacrum               Ice/Necr       #.........   100%        6    #######
 Conjure Ball Lightning   Conj/Air       #.........   100%        6    #######
 Excruciating Wounds      Chrm/Necr      #.........   100%        5    ######.
 Portal Projectile        Hex/Tloc       #.....       98%         3    ####...
 Petrify                  Tmut/Erth      #.......     100%        4    #####..
 Orb of Destruction       Conj           #.........   100%        7    #######
 Tornado                  Air            #.........   100%        9    #######
 Leda's Liquefaction      Hex/Erth       #.........   100%        4    #####..
 Summon Hydra             Summ           #.........   100%        7    #######
 Darkness                 Hex            #.........   100%        6    #######
 Shroud of Golubria       Chrm/Tloc      #.........   88%         2    ###....
 Inner Flame              Hex/Fire       #.......     98%         3    ####...
 Beastly Appendage        Tmut           #.....       77%         1    ##.....
 Iskenderun's Battlesphe  Conj/Chrm      #.......     100%        5    ######.
 Fulminant Prism          Conj/Hex       #.........   100%        4    #####..
 Dazzling Spray           Conj/Hex       #.....       98%         3    ####...
 Force Lance              Conj/Tloc      #.......     100%        4    #####..
 Infusion                 Chrm           #...         77%         1    ##.....
 Song of Slaying          Chrm           #.......     88%         2    ###....
 Spectral Weapon          Hex/Chrm       #.......     98%         3    ####...
 Searing Ray              Conj           #.....       88%         2    ###....
 Discord                  Hex            #.........   100%        8    #######
 Summon Lightning Spire   Summ/Air       #.......     100%        4    #####..
 Summon Guardian Golem    Hex/Summ       #.......     98%         3    ####...
 Spellforged Servitor     Conj/Summ      #.........   100%        7    #######
 Summon Mana Viper        Hex/Summ       #.......     100%        5    ######.
 Hydra Form               Tmut           #.........   100%        6    #######
 Irradiate                Conj/Tmut      #.........   100%        5    ######.
 Gell's Gravitas          Tloc           #.........   98%         3    ####...
 Yara's Violent Unravell  Hex/Tmut       #.........   100%        5    ######.
 Lesser Beckoning         Tloc           #.........   98%         3    ####...
 Poisonous Vapours        Pois/Air       #.....       88%         2    ###....
 Ignition                 Fire           #.........   100%        8    #######
 Borgnjor's Vile Clutch   Necr/Erth      #.........   100%        5    ######.


Dungeon Overview and Level Annotations

Branches:
Dungeon (15/15)            Temple (1/1) D:6            Lair (6/6) D:8
  Swamp (4/4) Lair:4       Spider (4/4) Lair:4        Slime (0/5) Lair:5
    Orc (2/2) D:11            Elf (3/3) Orc:2        Vaults (5/5) D:14
  Crypt (3/3) Vaults:2       Tomb (0/3) Crypt:3      Depths (5/5) D:15
   Hell (1/1)                 Dis (0/7) Hell            Geh (0/7) Hell
    Coc (0/7) Hell            Tar (0/7) Hell            Zot (0/5) Depths:5

Altars:
Ashenzari
Cheibriados
Dithmenos
Elyvilon
Fedhas
Gozag
Hepliaklqana
Kikubaaqudgha
Makhleb
Nemelex Xobeh
Okawaru
Qazlal
Ru
Sif Muna
Trog
Uskayaw
Vehumet
Wu Jian
Xom
Yredelemnul
Zin
The Shining One
Beogh
Jiyva
Lugonu

Shops:
D:5 !   D:8 *   Orc:2 ?(([   Elf:2 }}[   Vaults:1 %   Vaults:2 ((}
Depths:1 *%   Depths:5 }=}

Portals:
Hell: Lair:6 Depths:1 Depths:2 Depths:3 Depths:4 Depths:5
Abyss: Depths:1 Depths:2 Depths:4
Pandemonium: Depths:1 Depths:3
Ziggurat: Depths:1

Annotations:
D:3 1 runed door


Innate Abilities, Weirdness & Mutations

You reflexively headbutt those who attack you in melee.
You have a pair of large horns on your head.
You are partially covered in molten scales. (AC +2)
You are partially covered in rugged brown scales. (AC +1, +3% HP)
Scrolls take you a little longer to read.


Message History

You block the large abomination's attack.
You see here a very ugly thing corpse.
You slash the starcursed mass! You freeze the starcursed mass.
You destroy the starcursed mass!
Okawaru accepts your kill.
A cacophony of accursed wailing tears at your sanity!
* * * LOW HITPOINT WARNING * * *
You suddenly lose the ability to move!
A starcursed mass splits.
The orange crystal statue glitters.
A cacophony of accursed wailing tears at your sanity!
* * * LOW HITPOINT WARNING * * *
You shrug off the repeated paralysis!
The starcursed mass engulfs you but does no damage.
The large abomination hits you but does no damage.
The hell hog squeals angrily.
The large abomination dissolves into shadows!
The orange crystal statue glitters.
You resist with some effort.
A cacophony of accursed wailing tears at your sanity!
You die...

#.##..#.#†.###.
..#.Xhh.....#..
####§≈Xh..†≈§#.#
##..#8≈R....§8#.#.
.#.#§§....†≈§#>..
...#†.......X#..#
#.####.XXXX..##...
.# ....##X@XXX###
#.....####...####
#....###.......#
#.......#..#
##......#...#
#...#... #.#
#..##..#.# #..
##.. ###.# ### # #
.#


You could see 10 starcursed masses, a tentacled starspawn, 2 orange crystal
statues, 3 hell hogs and an efreet.

Vanquished Creatures
  4 ancient liches
  A juggernaut (Depths:2)
  Saint Roka (Crypt:1)
  28 large abominations
  Geryon (Hell)
  5 golden dragons
  2 profane servitors (Crypt:3)
  Arachne (Spider:3)
  7 bone dragons
  A hellephant (Abyss:3)
  Jorgrun (Vaults:5)
  11 tentacled monstrosities
  8 liches
  Rupert (Orc:1)
  9 titans
  2 deep elf master archers (Elf:3)
  4 quicksilver dragons
  Frances (Lair:4)
  Asterion (Depths:1)
  4 deep elf blademasters
  7 sphinxes
  Murray (Hell)
  7 ancient champions
  An Executioner (Abyss:4)
  Gastronok (D:8)
  Agnes (Elf:2)
  19 tentacled starspawn
  A draconian monk (Depths:5)
  2 thorn hunters (Depths:1)
  7 shadow dragons
  Roxanne (Elf:1)
  A shadow dragon (shapeshifter) (Depths:2)
  3 revenants
  6 storm dragons
  9 tengu reavers
  2 orc warlords
  11 frost giants
  6 deep elf sorcerers (Elf:3)
  11 fire giants
  Louise (Elf:1)
  13 vault wardens
  A balrug (Abyss:3)
  A draconian scorcher (Depths:5)
  A cacodemon (Abyss:3)
  7 emperor scorpions
  An iron dragon (Depths:2)
  4 ghost moths
  An angel (Abyss:2)
  10 reapers
  4 deep elf elementalists
  4 curse skulls
  17 ghouls
  3 spriggan defenders
  A draconian annihilator (Abyss:2)
  25 very ugly things
  4 war gargoyles
  9 entropy weavers
  13 ironheart preservers
  18 stone giants
  Nessos (D:14)
  6 vampire knights
  Azrael (D:12)
  A dire elephant (Lair:6)
  A purple draconian (Depths:5)
  5 deep elf demonologists
  11 deep elf annihilators
  4 spark wasps
  2 yellow draconians (Depths:5)
  3 eidola
  3 blizzard demons
  A crystal guardian (Vaults:4)
  17 ettins
  8 deep elf death magi
  26 small abominations
  16 fire dragons
  11 great orbs of eyes
  Josephine (Swamp:1)
  4 green deaths
  3 deep elf high priests
  13 jiangshi
  2 mummy priests (Crypt:3)
  10 rakshasas
  13 yaktaur captains
  A naga warrior (Abyss:4)
  3 ghost crabs
  2 spriggan air magi
  A quicksilver dragon skeleton (Crypt:3)
  15 hydras
  9 ice dragons
  A catoblepas (D:15)
  26 vault guards (Vaults:5)
  An anaconda (shapeshifter) (Vaults:5)
  A two-headed ogre (shapeshifter) (Vaults:5)
  14 centaur warriors
  Erica (D:8)
  5 death knights
  63 two-headed ogres
  21 alligators
  24 dancing weapons
  4 tengu warriors
  23 ogre magi
  12 deep troll earth magi
  9 deep troll shamans
  12 death yaks
  10 hell hogs
  5 spriggan berserkers
  Urug (Lair:4)
  2 orc high priests
  18 deep elf knights
  7 vampire magi
  The ghost of Soeti the Covert, a novice OpMo of Hepliaklqana (D:9)
  7 sun demons
  7 hell knights
  A titan skeleton (Crypt:3)
  33 skeletal warriors
  18 thrashing horrors
  4 soul eaters (Hell)
  3 iron golems (Hell)
  16 wretched stars
  5 shadow wraiths
  A deep troll (shapeshifter) (Depths:3)
  A fire crab (shapeshifter) (Abyss:4)
  An iron troll (Depths:4)
  A fire crab (Lair:6)
  5 spatial maelstroms
  3 sixfirhies
  30 deep trolls
  A golden dragon zombie (Crypt:2)
  7 glowing orange brains
  6 unseen horrors
  9 flayed ghosts
  An anaconda zombie (Hell)
  3 spriggan druids
  An unseen horror (shapeshifter) (Vaults:1)
  A death drake (Swamp:4)
  3 shambling mangroves
  Pikel (D:8)
  15 deep elf archers
  13 orc knights
  2 harpies (shapeshifter)
  8 phantasmal warriors
  17 ironbrand convokers
  10 wizards
  6 necromancers
  7 harpies
  A wolf spider zombie (Hell)
  4 oklob plants (Lair:6)
  A mana viper (shapeshifter) (Depths:2)
  A shining eye (shapeshifter) (Vaults:5)
  46 wolf spiders
  A fire giant zombie (Hell)
  64 deep elf magi
  5 orc sorcerers
  A mana viper (Abyss:3)
  A wolf spider (shapeshifter) (Depths:1)
  20 orb spiders
  A shining eye (Depths:1)
  38 ugly things
  2 shadow dragon skeletons
  6 worldbinders
  The ghost of Curus the Martial Artist, a novice MfTm of Makhleb (D:7)
  2 manticores (D:14)
  A frost giant zombie (Crypt:2)
  15 cyclopes
  A manticore (shapeshifter) (Vaults:4)
  A stone giant zombie (Abyss:1)
  8 elephants
  2 moths of wrath
  2 apocalypse crabs
  10 vault sentinels
  2 elephants (shapeshifter)
  A guardian serpent (Abyss:4)
  10 rust devils
  2 dire elephant zombies
  A stone giant skeleton (Crypt:1)
  2 ice statues (Hell)
  Joseph (D:8)
  A shock serpent zombie (Abyss:1)
  Psyche (D:9)
  3 torpor snails
  A black mamba (shapeshifter) (Vaults:1)
  3 molten gargoyles (Depths:1)
  A gargoyle (D:12)
  12 smoke demons
  A titan simulacrum (Hell)
  7 orange demons
  A shock serpent skeleton (Crypt:3)
  17 spiny frogs
  An eye of devastation (Depths:1)
  8 rime drakes
  A dire elephant skeleton (Crypt:2)
  4 hellions
  8 komodo dragons
  An efreet (Abyss:4)
  An elephant slug zombie (Crypt:1)
  6 swamp worm zombies (Swamp:4)
  3 spiny frogs (shapeshifter)
  10 demonic crawlers
  5 ice devils
  17 freezing wraiths
  5 hellwings (Abyss:1)
  3 tormentors
  32 yaktaurs
  4 ancient zymes
  A harpy zombie (Hell)
  A red draconian skeleton (Crypt:3)
  2 hydra zombies
  8 red devils
  17 trolls
  A polar bear (Lair:2)
  3 tengu conjurers
  3 guardian mummies (Crypt:3)
  A merfolk (D:11)
  A meliai (D:13)
  38 jumping spiders
  21 hornets
  Prince Ribbit (D:9)
  A queen bee (Lair:2)
  A sphinx simulacrum (Vaults:3)
  32 slime creatures
  4 alligator zombies
  2 wind drakes (shapeshifter)
  3 wind drakes (Depths:1)
  A hornet (shapeshifter) (Depths:3)
  2 hydra skeletons
  30 raiju
  Grinder (D:4)
  9 hippogriffs
  3 tyrant leeches
  2 spectral swamp dragons (Swamp:4)
  A stone giant simulacrum (Hell)
  10 bog bodies
  5 blink frogs
  3 hippogriffs (shapeshifter)
  4 air elementals
  A meliai zombie (D:11)
  3 vampires
  10 ynoxinuls
  Sigmund (D:2)
  An ice dragon skeleton (Crypt:1)
  12 shadows
  28 tarantellas
  11 flying skulls
  An alligator skeleton (Hell)
  A fire dragon skeleton (Abyss:1)
  3 ushabtiu (Crypt:3)
  A redback (shapeshifter) (Depths:2)
  7 spriggans
  2 tarantellas (shapeshifter)
  13 water elementals
  16 wraiths
  3 basilisks (shapeshifter)
  70 redbacks
  12 fire elementals
  4 fire bats
  52 yaks
  2 wyverns
  A yak (shapeshifter) (Depths:1)
  12 neqoxecs
  9 basilisks
  16 humans
  2 hungry ghosts
  A black mamba skeleton (Crypt:3)
  A hog (shapeshifter) (Depths:3)
  A yaktaur simulacrum (Vaults:1)
  3 chaos spawn
  30 vampire mosquitoes
  A naga (shapeshifter) (Vaults:1)
  5 acid dragons
  2 wargs
  12 insubstantial wisps
  2 spatial vortices (Abyss:1)
  18 swamp worms
  A swamp worm (shapeshifter) (Vaults:4)
  A soldier ant (shapeshifter) (Vaults:5)
  19 water moccasins
  12 hell hounds
  2 spiny frog zombies (Hell)
  2 hydra simulacra (Hell)
  39 orc warriors
  A floating eye (Depths:1)
  A monstrous demonspawn skeleton (Crypt:1)
  8 porcupines
  A water nymph skeleton (Crypt:1)
  3 slaves (D:8)
  A swamp drake (Swamp:1)
  5 sky beasts
  A black bear (Lair:2)
  71 starcursed masses
  5 necrophages
  2 ice beasts
  2 eyes of draining
  10 phantoms
  8 swamp dragon zombies
  24 wolves
  A spiny frog skeleton (Hell)
  53 ogres
  3 boggarts
  20 centaurs
  18 crocodiles
  2 elf skeletons
  An elf zombie (Ossuary)
  3 big kobolds
  A yaktaur zombie (Crypt:3)
  14 bullfrogs
  2 rime drake skeletons (Crypt:2)
  A wyvern zombie (Crypt:1)
  11 earth elementals
  2 wyvern skeletons
  3 scorpions
  A yak zombie (Crypt:1)
  A spriggan zombie (Hell)
  28 killer bees
  An orc simulacrum (Vaults:1)
  20 wights
  8 howler monkeys
  A yak skeleton (Crypt:2)
  3 bullfrog zombies
  6 centaur zombies
  11 crimson imps
  7 jellies
  5 quasits
  4 human zombies
  32 orc wizards
  21 orc priests
  4 centaur skeletons
  5 hounds
  3 iron imps
  3 bullfrog skeletons
  A black bear skeleton (Crypt:1)
  Jessica (D:2)
  5 iguanas
  Natasha (D:4)
  A merfolk siren (Sewer)
  2 spectral swamp drakes (Swamp:4)
  16 worker ants
  Ijyb (D:5)
  A merfolk avatar (Sewer)
  A killer bee zombie (Crypt:3)
  An ogre zombie (Crypt:2)
  A tengu zombie (Crypt:1)
  2 big kobold zombies (Ossuary)
  2 hound zombies
  2 hound skeletons
  3 mummies (Ossuary)
  2 worker ant zombies
  15 adders
  5 gnolls (D:8)
  4 swamp drake zombies (Swamp:4)
  6 river rats
  A scorpion zombie (Crypt:3)
  3 shadow imps
  3 white imps
  3 ufetubi
  3 oozes
  6 adder zombies
  3 adder skeletons
  2 worms
  A dart slug (D:3)
  4 leopard geckos
  102 orcs
  7 ball pythons
  A bat skeleton (Crypt:3)
  9 giant cockroaches
  3 gnoll zombies (Ossuary)
  11 goblins
  4 hobgoblins
  12 jackals
  6 quokkas
  7 bats
  12 frilled lizards
  A frilled lizard zombie (Crypt:1)
  A gnoll skeleton (Crypt:3)
  5 goblin zombies (Ossuary)
  3 hobgoblin zombies (Ossuary)
  A jackal skeleton (D:3)
  A jackal zombie (Ossuary)
  10 kobolds
  4 kobold zombies
  A leopard gecko skeleton (D:8)
  5 quokka zombies (Ossuary)
  32 rats
  3 rat zombies (Ossuary)
  A crawling corpse (Vaults:5)
  3 fire vortices (Depths:1)
  2 lurking horrors (Abyss:3)
  A plant (Depths:2)
  11 starspawn tentacles
2902 creatures vanquished.

Vanquished Creatures (collateral kills)
  A deep troll (Depths:5)
1 creature vanquished.

Vanquished Creatures (others)
  4 stone giants
  A yaktaur captain (Vaults:5)
  A deep elf high priest (Elf:1)
  A fire dragon (Depths:3)
  A centaur warrior (Depths:2)
  A tengu warrior (Depths:5)
  A thrashing horror (Abyss:3)
  A hell hog (Abyss:1)
  A spriggan rider (Depths:5)
  5 deep elf archers
  A deep elf mage (Elf:3)
  3 cyclopes
  4 yaktaurs
  A troll (D:14)
  A slime creature (Depths:3)
  A raiju (Abyss:4)
  A water elemental (Abyss:4)
  An ushabti (Crypt:3)
  A fire elemental (Elf:1)
  A chaos spawn (Abyss:4)
  5 insubstantial wisps
  2 small abominations
  A water moccasin (Lair:6)
  2 orc warriors (Elf:1)
  An ogre (D:8)
  A centaur (Vaults:2)
  3 starcursed masses (Abyss:3)
  An orc wizard (Elf:1)
  3 orcs (Elf:1)
  3 briar patches (Depths:1)
  2 bushes (Depths:4)
  3 crawling corpses (Elf:1)
  A fire vortex (Depths:4)
  7 fungi
  2 lurking horrors
  16 plants
  45 starspawn tentacles
  14 withered plants (Swamp:3)
144 creatures vanquished.

Grand Total: 3047 creatures vanquished

Notes
Turn   | Place    | Note
-------+----------+-------------------------------------------
     0 | D:1      | George the Minotaur Fighter began the quest for the Orb.
     0 | D:1      | Reached XP level 1. HP: 19/19 MP: 0/0
    26 | D:1      | Reached skill level 3 in Long Blades
    29 | D:1      | Reached XP level 2. HP: 22/26 MP: 1/1
   163 | D:1      | Reached skill level 4 in Long Blades
   333 | D:1      | Reached XP level 3. HP: 30/31 MP: 2/2
   465 | D:2      | Noticed Sigmund
   477 | D:2      | Reached skill level 5 in Long Blades
   487 | D:2      | Killed Sigmund
   487 | D:2      | Reached skill level 7 in Long Blades
   487 | D:2      | Reached XP level 4. HP: 15/39 MP: 3/3
   487 | D:2      | Reached XP level 5. HP: 18/45 MP: 4/4
   922 | D:2      | Noticed Jessica
   926 | D:2      | Killed Jessica
   986 | D:2      | Reached XP level 6. HP: 51/51 MP: 5/5
  1376 | D:3      | Reached skill level 8 in Long Blades
  1459 | D:3      | Found a hide-covered altar of Uskayaw.
  1461 | D:3      | Found an opulent altar of Gozag.
  1492 | D:3      | Found a runed door.
  1492 | D:3      | Noticed a human
  1495 | D:3      | Found a basalt altar of Yredelemnul.
  1807 | D:3      | Found a shattered altar of Ashenzari.
  1875 | D:3      | Found an ornate altar of the Wu Jian Council.
  1984 | D:3      | Found a glowing golden altar of the Shining One.
  1986 | D:3      | Found a glowing silver altar of Zin.
  2328 | D:4      | Reached skill level 9 in Long Blades
  2340 | D:3      | Found a shadowy altar of Dithmenos.
  2340 | D:3      | Found a sacrificial altar of Ru.
  2577 | D:4      | Noticed Grinder
  2599 | D:4      | Killed Grinder
  2599 | D:4      | Reached XP level 7. HP: 5/57 MP: 6/6
  2994 | D:4      | Reached skill level 10 in Long Blades
  3188 | D:4      | Noticed Natasha
  3198 | D:4      | Killed Natasha
  3260 | D:4      | Found a blossoming altar of Fedhas.
  3274 | D:4      | Reached skill level 11 in Long Blades
  3460 | D:5      | Entered Level 5 of the Dungeon
  3484 | D:5      | Reached XP level 8. HP: 40/64 MP: 7/7
  3670 | D:5      | Noticed Ijyb
  3674 | D:5      | Found a stormy altar of Qazlal.
  3682 | D:5      | Killed Ijyb
  3893 | D:5      | Found Vuovim's Distillery.
  3896 | D:5      | Bought a potion of curing for 42 gold pieces
  3896 | D:5      | Bought a potion of heal wounds for 70 gold pieces
  4034 | D:5      | Found a bloodstained altar of Trog.
  4172 | D:6      | Reached skill level 12 in Long Blades
  4312 | D:6      | Found a glowing drain.
  4318 | Sewer    | Entered a sewer
  4900 | D:6      | Reached skill level 13 in Long Blades
  5146 | D:6      | Found a staircase to the Ecumenical Temple.
  5152 | Temple   | Entered the Ecumenical Temple
  5231 | Temple   | Became a worshipper of Warmaster Okawaru
  5627 | D:6      | Reached XP level 9. HP: 62/71 MP: 8/8
  5865 | D:7      | Reached skill level 1 in Dodging
  5962 | D:7      | Reached skill level 1 in Invocations
  6026 | D:7      | Reached * piety under Okawaru
  6034 | D:7      | Noticed Curus's ghost (novice MfTm)
  6289 | D:7      | Killed Curus's ghost
  6435 | D:7      | Found a burning altar of Makhleb.
  6436 | D:7      | Found a radiant altar of Vehumet.
  6508 | D:7      | Reached skill level 5 in Shields
  6545 | D:7      | Reached skill level 5 in Fighting
  6545 | D:7      | Reached skill level 5 in Armour
  6681 | D:7      | Reached ** piety under Okawaru
  7026 | D:8      | Found a staircase to the Lair.
  7061 | D:8      | Found Usorass's Assorted Antiques.
  7094 | D:8      | Noticed Pikel
  7130 | D:8      | Killed Pikel
  7130 | D:8      | Reached XP level 10. HP: 65/83 MP: 11/11
  7140 | D:8      | Found a sand-covered staircase.
  7143 | Ossuary  | Entered an ossuary
  7227 | Ossuary  | Reached skill level 14 in Long Blades
  7695 | D:8      | Noticed Gastronok
  7713 | D:8      | Killed Gastronok
  7713 | D:8      | Reached *** piety under Okawaru
  8023 | D:8      | Noticed a cyan ugly thing
  8034 | D:8      | HP: 3/84 [white ugly thing (18)]
  8039 | D:8      | Killed a white ugly thing
  8267 | D:8      | Noticed Erica
  8285 | D:8      | Killed Erica
  8285 | D:8      | Reached skill level 5 in Dodging
  8342 | D:8      | Noticed Joseph
  8352 | D:8      | Killed Joseph
  8352 | D:8      | Reached **** piety under Okawaru
  8636 | D:8      | Noticed a centaur warrior
  8643 | D:8      | Killed a centaur warrior
  8643 | D:8      | Reached skill level 5 in Invocations
  8643 | D:8      | Reached XP level 11. HP: 73/92 MP: 13/13
  8843 | D:8      | Noticed a two-headed ogre
  8856 | D:8      | Killed a two-headed ogre
  8856 | D:8      | Reached ***** piety under Okawaru
  9391 | D:9      | Received a gift from Okawaru
  9426 | D:9      | Noticed a seven-headed hydra
  9433 | D:9      | Noticed Psyche
  9435 | D:9      | Killed a three-headed hydra
  9437 | D:9      | Killed Psyche
  9478 | D:9      | Noticed Prince Ribbit
  9489 | D:9      | Killed Prince Ribbit
  9610 | D:9      | Noticed Soeti's ghost (novice OpMo)
  9626 | D:9      | Killed Soeti's ghost
 10175 | D:10     | Entered Level 10 of the Dungeon
 10242 | D:10     | Reached skill level 15 in Long Blades
 10601 | D:10     | Found an ornate altar of the Wu Jian Council.
 10760 | D:10     | Noticed a two-headed ogre
 10766 | D:10     | Killed a two-headed ogre
 10766 | D:10     | Reached XP level 12. HP: 102/103 MP: 15/15
 10894 | D:11     | Found a staircase to the Orcish Mines.
 10982 | D:11     | Found a labyrinth entrance.
 11296 | D:11     | Found a shimmering altar of Xom.
 11299 | D:11     | Found the +3 mace of Variability {chaos}
 11505 | D:11     | Received a gift from Okawaru
 11662 | D:12     | Noticed Azrael
 11695 | D:12     | Killed Azrael
 11969 | D:12     | Noticed a four-headed hydra
 11976 | D:12     | Killed a one-headed hydra
 12119 | D:12     | Paralysed by a hornet for 2 turns
 12653 | Lair:1   | Entered Level 1 of the Lair of Beasts
 13479 | Lair:2   | Reached skill level 10 in Shields
 13483 | Lair:2   | Reached skill level 10 in Armour
 13582 | Lair:2   | Noticed an eight-headed hydra
 13590 | Lair:2   | Reached skill level 10 in Fighting
 13593 | Lair:2   | Killed a five-headed hydra
 13638 | Lair:2   | Reached XP level 13. HP: 96/113 MP: 17/17
 13706 | Lair:2   | Received a gift from Okawaru
 14836 | Lair:3   | Reached skill level 16 in Long Blades
 15034 | Lair:3   | Received a gift from Okawaru
 15035 | Lair:3   | Found the +3 pair of gauntlets of War {Slay+5}
 15418 | Lair:4   | Noticed Urug
 15440 | Lair:4   | Killed Urug
 15474 | Lair:4   | Found a hole to the Spider Nest.
 16021 | Lair:4   | Found a staircase to the Swamp.
 16490 | Lair:5   | Reached ****** piety under Okawaru
 16709 | Lair:5   | Received a gift from Okawaru
 16794 | Lair:5   | Found a runed door.
 16795 | Lair:5   | Found a viscous altar of Jiyva.
 16820 | Lair:5   | Reached XP level 14. HP: 87/124 MP: 19/19
 16851 | Lair:5   | Found a staircase to the Slime Pits.
 17345 | Lair:6   | Entered Level 6 of the Lair of Beasts
 17416 | Lair:6   | Reached skill level 10 in Dodging
 17845 | Lair:6   | Received a gift from Okawaru
 17856 | Lair:6   | Got a twisted ring mail {god gift}
 17867 | Lair:6   | Identified the +8 ring mail of the Solstice {*Drain Dex+7} (Okawaru gifted it to you on level 6 of the Lair of Beasts)
 18287 | Lair:6   | Found a burning altar of Makhleb.
 18346 | Lair:6   | Found a gateway to Hell.
 18354 | Lair:6   | Got a vibrating iron ring
 18635 | Lair:6   | Identified the ring "Iwif" {rF+ Int+3 Dex+4 Slay-4 Stlth+} (You found it on level 6 of the Lair of Beasts)
 18854 | Orc:1    | Entered Level 1 of the Orcish Mines
 18854 | Orc:1    | Noticed an orc warlord
 18901 | D:11     | Reached skill level 17 in Long Blades
 19018 | D:11     | Killed an orc warlord
 19018 | D:11     | Reached skill level 10 in Invocations
 19640 | Orc:2    | Entered Level 2 of the Orcish Mines
 19640 | Orc:2    | Found Nasodo's Magic Scroll Shoppe.
 19797 | Orc:1    | Reached XP level 15. HP: 66/134 MP: 21/21
 20361 | Orc:2    | Found Asmoc's Antique Weapon Shop.
 20421 | Orc:2    | Found Nenkuwn's Weapon Emporium.
 20422 | Orc:2    | Noticed Rupert
 20424 | Orc:2    | Found Deelenol's Antique Armour Emporium.
 20432 | Orc:2    | Paralysed by Rupert for 2 turns
 20594 | Orc:1    | Paralysed by Rupert for 2 turns
 20597 | Orc:1    | Killed Rupert
 20785 | Orc:2    | Bought a scroll of identify for 32 gold pieces
 20797 | Orc:2    | Bought a pair of transparent boots for 228 gold pieces
 20807 | Orc:2    | Identified the +0 pair of boots "Qiah" {Dex+6} (You bought it in a shop on level 2 of the Orcish Mines)
 20834 | Orc:2    | Found a staircase to the Elven Halls.
 20853 | Orc:2    | Found a roughly hewn altar of Beogh.
 21428 | Orc:1    | Received a gift from Okawaru
 21562 | Orc:2    | Bought a scroll of enchant weapon for 120 gold pieces
 21562 | Orc:2    | Bought a scroll of teleportation for 48 gold pieces
 22633 | D:14     | Found a gate to the Vaults.
 22633 | D:14     | Noticed Nessos
 22814 | D:14     | Killed Nessos
 24076 | D:15     | Entered Level 15 of the Dungeon
 24294 | D:15     | Received a gift from Okawaru
 24324 | D:15     | Reached XP level 16. HP: 91/144 MP: 23/23
 24884 | D:15     | Found a staircase to the Depths.
 24943 | D:15     | Received a gift from Okawaru
 25523 | Swamp:1  | Entered Level 1 of the Swamp
 25523 | Swamp:1  | Noticed Frances
 25543 | Lair:4   | Killed Frances
 25543 | Lair:4   | Reached skill level 18 in Long Blades
 25557 | Swamp:1  | Noticed Josephine
 25567 | Swamp:1  | Killed Josephine
 27135 | Swamp:3  | Received a gift from Okawaru
 27357 | Swamp:3  | Found a bloodstained altar of Trog.
 27744 | Swamp:4  | Entered Level 4 of the Swamp
 27783 | Swamp:4  | Reached XP level 17. HP: 136/154 MP: 25/25
 29132 | Swamp:4  | Received a gift from Okawaru
 29237 | Swamp:4  | Noticed a bone dragon
 29252 | Swamp:4  | Killed a bone dragon
 29268 | Swamp:4  | Got a decaying rune of Zot
 29463 | Spider:1 | Entered Level 1 of the Spider Nest
 30019 | Spider:1 | Received a gift from Okawaru
 30466 | Spider:2 | Reached skill level 15 in Armour
 30488 | Spider:2 | Reached skill level 15 in Shields
 30500 | Spider:2 | Reached skill level 19 in Long Blades
 30528 | Spider:2 | Reached skill level 15 in Fighting
 30570 | Spider:2 | Identified a scroll of acquirement
 32309 | Spider:3 | Noticed Arachne
 32318 | Spider:3 | Killed Arachne
 32318 | Spider:3 | Reached XP level 18. HP: 91/162 MP: 26/26
 32692 | Spider:4 | Entered Level 4 of the Spider Nest
 32729 | Spider:4 | Received a gift from Okawaru
 32740 | Spider:4 | Got a citrine-encrusted animal skin {god gift}
 34038 | Spider:4 | Got a gossamer rune of Zot
 34594 | Vaults:1 | Entered Level 1 of the Vaults
 34673 | Vaults:1 | Received a gift from Okawaru
 35093 | Vaults:1 | Found Idataigh's Food Shop.
 35833 | Vaults:2 | Found Hajary's Gadget Shoppe.
 35833 | Vaults:2 | Found Godwex's Antique Weapon Shoppe.
 35859 | Vaults:2 | Noticed a lich
 35865 | Vaults:2 | Reached XP level 19. HP: 86/171 MP: 28/28
 36069 | Vaults:2 | Found Hacir's Antique Weapon Shoppe.
 36271 | Vaults:2 | Received a gift from Okawaru
 36681 | Vaults:2 | Reached skill level 20 in Long Blades
 36681 | Vaults:2 | Reached skill level 15 in Dodging
 37130 | Vaults:2 | Found a staircase to the Crypt.
 37693 | Vaults:3 | Received a gift from Okawaru
 37971 | Vaults:3 | Paralysed by a great orb of eyes for 6 turns
 38883 | Vaults:4 | Received a gift from Okawaru
 39163 | Vaults:4 | Reached XP level 20. HP: 182/182 MP: 29/29
 41262 | Elf:1    | Entered Level 1 of the Elven Halls
 41270 | Elf:1    | Noticed Louise
 41302 | Elf:1    | Killed Louise
 41302 | Elf:1    | Received a gift from Okawaru
 42159 | Elf:1    | Noticed Roxanne
 43027 | Elf:1    | Killed Roxanne
 43028 | Elf:1    | Identified Roxanne's Almanac of Transmigration (You took it off Roxanne on level 1 of the Elven Halls)
 43111 | Elf:1    | Reached skill level 15 in Invocations
 43186 | Elf:2    | Found Otuocetz's Gadget Shoppe.
 43186 | Elf:2    | Found Lishopigu's Gadget Shoppe.
 43311 | Elf:2    | Found Diolloha's Antique Armour Shop.
 43311 | Elf:2    | Noticed Agnes
 43325 | Elf:2    | Killed Agnes
 43354 | Elf:2    | Bought a steaming chain mail for 275 gold pieces
 43364 | Elf:2    | Identified the +6 chain mail of Oschadope {Slay+3} (You bought it in a shop on level 2 of the Elven Halls)
 43413 | Elf:2    | Found a runed gate.
 43415 | Elf:2    | Found a runed gate.
 43416 | Elf:2    | Found a runed gate.
 43883 | Elf:2    | Reached skill level 21 in Long Blades
 43964 | Elf:2    | Reached XP level 21. HP: 141/192 MP: 31/31
 44123 | Elf:2    | Received a gift from Okawaru
 44267 | Elf:3    | Entered Level 3 of the Elven Halls
 45224 | Elf:3    | Received a gift from Okawaru
 45581 | Elf:3    | Received a gift from Okawaru
 45593 | Elf:3    | Got a faintly glowing plate armour {god gift}
 45604 | Elf:3    | Identified the +7 plate armour of the Grue {*Corrode rF- Regen+ Int+8} (Okawaru gifted it to you on level 3 of the Elven Halls)
 45693 | Elf:3    | Got a steaming shortbow
 45699 | Elf:3    | Identified the +6 shortbow of Responsibility {velocity, rN+ Str+2} (You found it on level 3 of the Elven Halls)
 45767 | Elf:3    | Identified Ifaoliff's Thaumaturgy for Beginners
 45818 | Elf:3    | Got a faintly glowing amber ring
 45820 | Elf:3    | Identified the ring of Onanoij {rPois rC+ MP+9 Int+3 SInv} (You found it on level 3 of the Elven Halls)
 46207 | Crypt:1  | Entered Level 1 of the Crypt
 46263 | Crypt:1  | Noticed Saint Roka
 46841 | Crypt:1  | Killed Saint Roka
 48129 | Crypt:2  | Received a gift from Okawaru
 48185 | Crypt:2  | Reached XP level 22. HP: 136/203 MP: 23/32
 49126 | Crypt:2  | Received a gift from Okawaru
 49689 | Crypt:3  | Entered Level 3 of the Crypt
 49731 | Crypt:3  | Found a basalt altar of Yredelemnul.
 49954 | Crypt:3  | Found a staircase to the Tomb.
 50174 | Crypt:3  | HP: 7/201 [poisoned by an ushabti (dark miasma)]
 50853 | Crypt:3  | Noticed an ancient lich
 50868 | Crypt:3  | Killed an ancient lich
 51090 | Crypt:3  | Reached skill level 22 in Long Blades
 51515 | Crypt:3  | Got a crude ivory ring
 51518 | Crypt:3  | Identified the ring "Lentaj Woud" {rPois rF+ Int+2 Stlth+} (You took it off a mummy priest on level 3 of the Crypt)
 51533 | Crypt:3  | Received a gift from Okawaru
 51559 | Crypt:3  | Found a basalt altar of Yredelemnul.
 51565 | Crypt:3  | Found an ancient bone altar of Kikubaaqudgha.
 52598 | Depths:1 | Entered Level 1 of the Depths
 52598 | Depths:1 | Found Qyusod's Demolitions Depot.
 52598 | Depths:1 | Noticed Asterion
 52624 | Depths:1 | Killed Asterion
 52629 | Depths:1 | Got a shimmering shield
 52640 | Depths:1 | Identified the +0 shield of Ylet Rae {Int+4} (You took it off Asterion on level 1 of the Depths)
 52802 | Depths:1 | Found a corrupted altar of Lugonu.
 52802 | Depths:1 | Found a one-way gate to the infinite horrors of the Abyss.
 53119 | Depths:1 | Found Egid's Food Boutique.
 53382 | Depths:1 | Found a gateway to a ziggurat.
 53440 | Depths:1 | Paralysed by a floating eye for 3 turns
 53448 | Depths:1 | Paralysed by a floating eye for 2 turns
 53803 | Depths:1 | Found a one-way gate leading to the halls of Pandemonium.
 53982 | Depths:1 | Identified Zilimyusm's Tome of Ignition
 53985 | Depths:1 | Identified the Almanac of Heat
 54073 | Depths:2 | Received a gift from Okawaru
 54079 | Depths:2 | HP: 2/206 [ettin/dire flail of holy wrath (18)]
 54530 | Depths:2 | Reached XP level 23. HP: 190/213 MP: 34/34
 56672 | Depths:2 | Noticed a juggernaut
 56701 | Depths:2 | Killed a juggernaut
 57053 | Depths:2 | Found a sparkling altar of Nemelex Xobeh.
 57731 | Depths:3 | Received a gift from Okawaru
 58456 | Depths:3 | Received a gift from Okawaru
 58488 | Depths:3 | Got a twisted scimitar {god gift}
 58489 | Depths:3 | Identified the +10 scimitar of Exoneration {chaos, rF++ MR+ Str-3} (Okawaru gifted it to you on level 3 of the Depths)
 58795 | Depths:3 | Reached XP level 24. HP: 145/224 MP: 34/34
 59354 | Depths:3 | Noticed an ancient lich
 59373 | Depths:3 | Killed an ancient lich
 59373 | Depths:3 | Received a gift from Okawaru
 59373 | Depths:3 | Reached skill level 23 in Long Blades
 59387 | Depths:3 | Got a smoking ring mail {god gift}
 59406 | Depths:3 | Identified the +5 ring mail of the Loofah {rElec Regen+ Int-4 SInv} (Okawaru gifted it to you on level 3 of the Depths)
 60128 | Depths:4 | Found a magical portal.
 60802 | Depths:4 | Received a gift from Okawaru
 61369 | Depths:5 | Entered Level 5 of the Depths
 61561 | Depths:5 | Received a gift from Okawaru
 61910 | Depths:5 | Received a gift from Okawaru
 61916 | Depths:5 | Reached XP level 25. HP: 234/234 MP: 35/35
 62135 | Depths:5 | Found a gate to the Realm of Zot.
 62295 | Depths:5 | Found Vuqil's Gadget Emporium.
 62297 | Depths:5 | Found Nenetusk's Jewellery Boutique.
 62298 | Depths:5 | Found Ynupas's Gadget Emporium.
 62551 | Vaults:5 | Entered Level 5 of the Vaults
 62559 | Vaults:5 | Received a gift from Okawaru
 63063 | Vaults:5 | Received a gift from Okawaru
 63073 | Vaults:5 | Noticed Jorgrun
 63081 | Vaults:4 | Got a crude scimitar {slice}
 63082 | Vaults:4 | Identified the +9 scimitar of the Spider Nest {slice, Dex+4} (You took it off a deep elf elementalist on level 4 of the Vaults)
 63429 | Vaults:5 | Received a gift from Okawaru
 63436 | Vaults:5 | Killed Jorgrun
 63440 | Vaults:5 | Reached skill level 24 in Long Blades
 63452 | Vaults:5 | Received a gift from Okawaru
 63509 | Vaults:5 | Reached XP level 26. HP: 30/246 MP: 35/35
 63522 | Vaults:5 | HP: 12/246 [small abomination/exploding inner flame[the player character] (8)]
 64017 | Vaults:5 | Got a crude brass ring
 64140 | Vaults:5 | Got a smelly plate armour
 64151 | Vaults:5 | Identified the +0 plate armour "Ymotiula" {+Fly Str-5 Int+3 Slay+2} (You found it on level 5 of the Vaults)
 64243 | Vaults:5 | Got a silver rune of Zot
 64355 | Vaults:5 | Identified the Reference Book on Transformation and the Rocks
 64460 | Vaults:5 | Identified the ring of Accord {Wiz *Contam rElec rN+} (You took it off a deep elf mage on level 5 of the Vaults)
 64499 | Vaults:5 | Got a distressingly furry chain mail
 64510 | Vaults:5 | Identified the +11 chain mail "Hero's Friend" {rC+ Dex+3} (You found it on level 5 of the Vaults)
 64532 | Vaults:5 | Identified the Disquisition on Aid and Confrontation
 65155 | Hell     | Entered the Vestibule of Hell
 65155 | Hell     | Noticed Geryon
 65281 | Hell     | Noticed Murray
 65300 | Hell     | Killed Geryon
 65555 | Hell     | Killed Murray
 65818 | Hell     | Found a gateway to the ashen valley of Gehenna.
 65910 | Hell     | Found a gateway to the decaying netherworld of Tartarus.
 66271 | Hell     | Found a gateway to the Iron City of Dis.
 66390 | Hell     | Found a gateway to the freezing wastes of Cocytus.
 66546 | Depths:4 | Voluntarily entered the Abyss.
 66629 | Abyss:1  | Found a blossoming altar of Fedhas.
 66665 | Abyss:1  | Found a blossoming altar of Fedhas.
 66758 | Abyss:1  | Received a gift from Okawaru
 67130 | Abyss:1  | Paralysed by accursed screaming for 1 turns
 67150 | Abyss:1  | Noticed an ancient lich
 67163 | Abyss:1  | Killed an ancient lich
 67280 | Abyss:1  | Noticed an ancient lich
 67291 | Abyss:1  | Killed an ancient lich
 67507 | Abyss:2  | Paralysed by accursed screaming for 1 turns
 67677 | Abyss:2  | Gained mutation: You are frail. (-10% HP) [a neqoxec]
 67679 | Abyss:2  | Gained mutation: You are dopey. (Int -2) [a neqoxec]
 67681 | Abyss:2  | Gained mutation: You are clumsy. (Dex -2) [a neqoxec]
 67684 | Abyss:2  | Lost mutation: You are dopey. (Int -2) [potion of mutation]
 67684 | Abyss:2  | Lost mutation: You are clumsy. (Dex -2) [potion of mutation]
 67684 | Abyss:2  | Lost mutation: You are frail. (-10% HP) [potion of mutation]
 67684 | Abyss:2  | Gained mutation: You have a pair of large horns on your head. [potion of mutation]
 67684 | Abyss:2  | Gained mutation: You are partially covered in molten scales. (AC +2) [potion of mutation]
 67777 | Abyss:3  | Found a corrupted altar of Lugonu.
 67783 | Abyss:3  | Reached XP level 27. HP: 117/256 MP: 35/35
 68002 | Abyss:3  | Gained mutation: Scrolls take you a little longer to read. [a cacodemon]
 68021 | Abyss:3  | Paralysed by you for 2 turns
 68187 | Abyss:3  | Reached skill level 25 in Long Blades
 68442 | Abyss:3  | Received a gift from Okawaru
 68559 | Abyss:3  | Paralysed by accursed screaming for 1 turns
 68608 | Abyss:4  | Found a corrupted altar of Lugonu.
 69005 | Abyss:4  | Received a gift from Okawaru
 69115 | Abyss:4  | Found a corrupted altar of Lugonu.
 69212 | Abyss:4  | Gained mutation: You are partially covered in rugged brown scales. (AC +1, +3% HP) [a neqoxec]
 69222 | Abyss:4  | Paralysed by accursed screaming for 1 turns
 69266 | Abyss:4  | Paralysed by accursed screaming for 2 turns
 69267 | Abyss:4  | HP: 6/265 [starcursed mass/accursed screaming[an orange crystal statue] (18)]
 69268 | Abyss:4  | Killed from afar by a starcursed mass

Vault maps used:
D:1:      nzn_arrival_water_spiral
D:2:      first_ration, uniq_sigmund, uniq_jessica
D:3:      nicolae_overflow_hidden_temple,
          chequers_temple_overflow_statue_of_worship, ashenzari_altar_1,
          lemuel_crystal_altar, dk_yredelemnul_ordeal
D:4:      fedhas_altar_fruit_tree, uniq_grinder, uniq_natasha
D:5:      nicolae_qazlal_general_emergency, lightli_temple_of_fire,
          serial_shops, kennysheep_mini_moat, kennysheep_boxes, uniq_ijyb
D:6:      minmay_temple_entry_hall, portal_sewer_entry_e
D:7:      grunt_temple_overflow_lords_of_destruction
D:8:      minmay_quarter_circles, lair_entry_dummy, serial_shops,
          kennysheep_little_box, lightli_ossuary_entry_decrepit_ruins,
          uniq_erica, uniq_pikel, uniq_joseph, uniq_gastronok
D:9:      uniq_psyche, uniq_prince_ribbit1
D:10:     basic_altar
D:11:     david_orc_3, lab_entry_generic, hangedman_fish_farm,
          minmay_guarded_unrand_variability
D:12:     uniq_azrael
D:14:     david_vaults_3, lemuel_flame_loot_1
D:15:     hangedman_depths_entry_civil_slaughter, serial_park_tiny_1,
          minmay_door_square, einodemon_armed_red_devil_minivault
Temple:   nicolae_temple_figure_zero
Lair:1:   hangedman_lair_unloving_vines, grunt_megastairs_5
Lair:2:   special_room, forest_entry_grove
Lair:4:   minmay_swamp_entry_worms, spider_nest_entry_a, grunt_megastairs_2,
          uniq_urug
Lair:5:   slime_altar_2, lemuel_fruit_tree
Lair:6:   evil_forest, bh_autumn_forest_stairs, grunt_megastairs_4,
          minmay_lair_oklob_chamber, lemuel_fruit_fields
Swamp:1:  evilmike_swamp_ruin_house_1, swamp_pool5, grunt_hermit_hut,
          uniq_josephine, uniq_frances
Swamp:2:  evilmike_swamp_ruin_rubble_1, swamp_pool1, nicolae_swamp_dense_foliage
Swamp:3:  basic_altar, st_shrine_of_shade, infiniplex_staircase_pool_2
Swamp:4:  swamp_pestilence
Spider:3: uniq_arachne
Spider:4: guppyfry_spider_rune
Orc:2:    st_orc_open, basic_altar, uniq_rupert
Elf:1:    minmay_elf_arrival_plus, orc_legates, uniq_roxanne, uniq_louise
Elf:2:    serial_shops, shop, shop_coins, shop, solitary_fountain, uniq_agnes
Elf:3:    minmay_elf_hall
Vaults:1: nicolae_vaults_network_star, nicolae_vaults_hallways_thing,
          nicolae_vaults_little_squares_4, grunt_vaults_hallway_long,
          nicolae_vaults_inception_scallops, st_cross,
          ontoclasm_vaults_ring_small, hangedman_vaults_snaps,
          nicolae_vaults_three_branches, nicolae_vaults_little_ls, v_misc_3,
          v_misc_3, serial_shops, shop
Vaults:2: v_misc_22, vaults_room_stairs_pillars,
          hangedman_vaults_hard_town_square,
          vaults_standard_mumra_enter_the_diamond,
          vaults_room_grunt_arrival_ludios, blue_anna_dwarven_crypt,
          nicolae_vaults_shelves_hall
Vaults:3: vaults_mumra_lcd, vaults_standard_mumra_lines, v_rooms_1,
          ontoclasm_vaults_decontamination, stair_cage_open,
          nicolae_vaults_windows_and_doors_thing,
          vaults_standard_mumra_enter_the_diamond, v_alt_pattern_4,
          vaults_standard_mumra_enter_the_diamond, grunt_vaults_hallway_long,
          grunt_vaults_focal, v_misc_33, ontoclasm_vaults_misaligned
Vaults:4: vaults_room_ringed_pool, nicolae_vaults_network_square, v_misc_14,
          ontoclasm_vaults_ring_large, v_misc_22, nicolae_vaults_specimen_jars,
          nicolae_vaults_theta, st_smaller_cells, vaults_mumra_hex,
          nicolae_vaults_triangles, hangedman_vaults_cutoff,
          vaults_dpeg_encased_lava, vaults_room_door_ring
Vaults:5: uniq_jorgrun
Crypt:1:  grunt_crypt_arrival_split, uniq_saint_roka
Crypt:3:  lightli_unholy_cathedral, nicolae_tomb_entry_rubble_hallway,
          basic_altar
Depths:1: mu_elemental_laboratory, enter_ziggurat_d, hell_entry, serial_shops,
          nicolae_shop_waterfront, abyss_entry_flame_altar, serial_glass,
          glass_columns_c, glass_columns_b, minmay_strange_pillars,
          feat_on_display, pan_entry, nicolae_blasting_shop,
          serial_bayou_shore_b, uniq_asterion
Depths:2: evilmike_diamond_2, hangedman_decor_cross_pass,
          nicolae_abyss_entry_one_way_or_another, hell_entry,
          nemelex_diamond_rough_becter
Depths:3: hangedman_pleasuredromes, pan_entry, hell_entry
Depths:4: lemuel_castle_with_subvaults, abyss_entry, hell_entry,
          infiniplex_enter_wizlab_glasses
Depths:5: evilmike_zot_entry_diamond, grunt_hell_entry_dis_grunt, minivault_14,
          st_stairs_1, kennysheep_random_hallway, minmay_shop_grove
Abyss:2:  patterned_corridor
Abyss:3:  evilmike_nicolae_abyss_rune_containment_curve,
          hangedman_abyss_or_decor_jellyfish_corner
Abyss:4:  hangedman_abyss_shoalhut, nicolae_abyss_rune_star_stuff,
          hangedman_decor_riveting
Sewer:    sewer_sea
Ossuary:  minmay_ossuary_two_tombs

Skill      XL: |  1  2  3  4  5  6  7  8  9 10 11 12 13 14 15 16 17 18 19 20 21 22 23 24 25 26 27 |
---------------+----------------------------------------------------------------------------------+-----
Long Blades    | 3 4 7 9 11 13 14 15 16 17 18 19 20 21 22 23 24 25 | 25.3
Dodging        | 3 5 7 8 9 11 12 13 14 15 16 17 18 19 20 21 | 21.5
Shields        | 5 7 8 10 11 12 13 14 15 16 17 18 19 20 21 22 23 | 23.1
Fighting       | 5 7 8 10 11 12 13 14 15 16 17 18 19 20 21 22 23 | 23.1
Armour         | 5 7 8 10 11 12 13 14 15 16 17 18 19 20 21 22 23 | 23.1
Invocations    | 3 5 6 7 9 10 11 12 13 14 15 16 17 18 19 20 | 20.0

Action                   |  1- 3 |  4- 6 |  7- 9 | 10-12 | 13-15 | 16-18 | 19-21 | 22-24 | 25-27 || total
-------------------------+-------+-------+-------+-------+-------+-------+-------+-------+-------++-------
Melee: Long sword        |    91 |   139 |   499 |   170 |       |       |       |       |       ||   899
       Headbutt          |    13 |    25 |    74 |   201 |   381 |   601 |   688 |   880 |   688 ||  3551
       Scimitar          |       |       |       |   667 |    80 |    30 |       |   717 |  1667 ||  3161
       Demon blade       |       |       |       |       |  1272 |  1685 |  1758 |   422 |       ||  5137
       Double sword      |       |       |       |       |       |       |       |   807 |       ||   807
Invok: Heroism           |       |       |       |     3 |     7 |     6 |     5 |    13 |    11 ||    45
       Finesse           |       |       |       |       |     4 |     4 |     4 |    13 |    10 ||    35
Evoke: Wand              |       |       |       |     2 |       |     3 |       |     2 |     7 ||    14
  Use: Scroll            |       |       |     9 |     1 |     4 |    13 |     6 |     7 |    16 ||    56
       Potion            |       |       |       |     2 |     1 |     4 |       |     9 |     6 ||    22
 Stab: Distracted        |       |       |       |       |       |     1 |       |     3 |     1 ||     5
       Petrifying        |       |       |       |       |       |       |       |     7 |     4 ||    11
       Confused          |       |       |       |       |       |       |       |     5 |    12 ||    17
       Petrified         |       |       |       |       |       |       |       |     5 |     6 ||    11
       Paralysed         |       |       |       |       |       |       |       |     2 |    21 ||    23
  Eat: Chunk             |       |     6 |    11 |    23 |    34 |    26 |    34 |    33 |    13 ||   180
       Ration            |       |       |     1 |       |       |     4 |     2 |     4 |     4 ||    15
Armor: Scale mail        |    33 |    39 |    93 |       |       |       |       |       |       ||   165
       Plate armour      |       |       |    25 |   252 |   496 |   577 |   187 |   396 |    44 ||  1977
       Skin              |       |       |       |       |     1 |       |       |       |       ||     1
       Chain mail        |       |       |       |       |       |       |   108 |   110 |       ||   218
       Gold dragon scale |       |       |       |       |       |       |       |       |   582 ||   582
Dodge: Dodged            |    28 |    31 |    95 |   177 |   484 |   549 |   447 |   825 |   777 ||  3413
Block: Shield            |    55 |    60 |   174 |   340 |   711 |       |       |       |       ||  1340
       Large shield      |       |       |       |       |    76 |  1548 |  1315 |  1866 |  1851 ||  6656
       Reflection        |       |       |       |       |       |    32 |   103 |    60 |    39 ||   234
       Rpst.: Long sword |     3 |     9 |    23 |    14 |       |       |       |       |       ||    49
       Scimitar          |       |       |       |    43 |    10 |     2 |       |    48 |   124 ||   227
       Demon blade       |       |       |       |       |   105 |    86 |    91 |    26 |       ||   308
       Double sword      |       |       |       |       |       |       |       |    56 |       ||    56

Table legend:
 A = Spawn XP
 B = Non-spawn XP
 C = Spawn XP percentage of total XP
 D = Spawn monster count
 E = Non-spawn monster count
 F = Spawn count percentage of total count
 G = Total turns spent on level
                    A         B        C        D         E        F      G
               +---------+---------+-------+---------+---------+-------+---------
         Total |  179964 | 1464504 |  10.9 |     258 |    2650 |   8.9 | 69268
               +---------+---------+-------+---------+---------+-------+---------
           D:1 |       0 |      42 |   0.0 |       0 |      25 |   0.0 |   405
           D:2 |       0 |     339 |   0.0 |       0 |      19 |   0.0 |   875
           D:3 |       0 |     142 |   0.0 |       0 |      28 |   0.0 |   930
           D:4 |       0 |     855 |   0.0 |       0 |      21 |   0.0 |  1250
           D:5 |       0 |     366 |   0.0 |       0 |      16 |   0.0 |   704
           D:6 |       0 |     968 |   0.0 |       0 |      30 |   0.0 |  1229
           D:7 |       0 |    2210 |   0.0 |       0 |      30 |   0.0 |   917
           D:8 |       0 |    8532 |   0.0 |       0 |      37 |   0.0 |  2206
           D:9 |       0 |    3872 |   0.0 |       0 |      20 |   0.0 |   911
          D:10 |       0 |    4303 |   0.0 |       0 |      34 |   0.0 |   813
          D:11 |       0 |    5972 |   0.0 |       0 |      41 |   0.0 |  1331
          D:12 |       0 |    6025 |   0.0 |       0 |      35 |   0.0 |  1079
          D:13 |       0 |   11931 |   0.0 |       0 |      48 |   0.0 |  1316
          D:14 |       0 |    9537 |   0.0 |       0 |      28 |   0.0 |  1342
          D:15 |       0 |   22579 |   0.0 |       0 |      47 |   0.0 |  1326
        Lair:1 |       0 |    1617 |   0.0 |       0 |       8 |   0.0 |   789
        Lair:2 |       0 |    9664 |   0.0 |       0 |      59 |   0.0 |  1303
        Lair:3 |       0 |    6127 |   0.0 |       0 |      27 |   0.0 |   852
        Lair:4 |       0 |    9241 |   0.0 |       0 |      25 |   0.0 |  1205
        Lair:5 |       0 |   10759 |   0.0 |       0 |      45 |   0.0 |  1060
        Lair:6 |       0 |   29391 |   0.0 |       0 |      73 |   0.0 |  1443
       Swamp:1 |       0 |   13238 |   0.0 |       0 |      30 |   0.0 |   704
       Swamp:2 |       0 |   14651 |   0.0 |       0 |      32 |   0.0 |   799
       Swamp:3 |       0 |   18423 |   0.0 |       0 |      47 |   0.0 |   772
       Swamp:4 |       0 |   25401 |   0.0 |       0 |      67 |   0.0 |  1585
      Spider:1 |       0 |   19421 |   0.0 |       0 |      55 |   0.0 |  1009
      Spider:2 |       0 |   13184 |   0.0 |       0 |      33 |   0.0 |   988
      Spider:3 |       0 |   23135 |   0.0 |       0 |      46 |   0.0 |  1283
      Spider:4 |       0 |   41158 |   0.0 |       0 |      83 |   0.0 |  1606
         Orc:1 |       0 |   17782 |   0.0 |       0 |      69 |   0.0 |  1606
         Orc:2 |       0 |    7455 |   0.0 |       0 |      46 |   0.0 |  1294
         Elf:1 |       0 |   32494 |   0.0 |       0 |      56 |   0.0 |  1587
         Elf:2 |       0 |   37086 |   0.0 |       0 |      47 |   0.0 |  1132
         Elf:3 |       0 |   60707 |   0.0 |       0 |      62 |   0.0 |  1629
      Vaults:1 |       0 |   35130 |   0.0 |       0 |      69 |   0.0 |  1528
      Vaults:2 |       0 |   58901 |   0.0 |       0 |      94 |   0.0 |  2155
      Vaults:3 |       0 |   41626 |   0.0 |       0 |      74 |   0.0 |  1582
      Vaults:4 |       0 |   73169 |   0.0 |       0 |      81 |   0.0 |  3504
      Vaults:5 |       0 |  193864 |   0.0 |       0 |     148 |   0.0 |  1162
       Crypt:1 |       0 |   34939 |   0.0 |       0 |      65 |   0.0 |  1819
       Crypt:2 |       0 |   44665 |   0.0 |       0 |      58 |   0.0 |  1193
       Crypt:3 |       0 |   55262 |   0.0 |       0 |      49 |   0.0 |  2139
      Depths:1 |       0 |   33093 |   0.0 |       0 |      50 |   0.0 |  1687
      Depths:2 |       0 |   87504 |   0.0 |       0 |      83 |   0.0 |  4190
      Depths:3 |       0 |  109281 |   0.0 |       0 |     100 |   0.0 |  1812
      Depths:4 |       0 |   60998 |   0.0 |       0 |      74 |   0.0 |  1487
      Depths:5 |       0 |   60037 |   0.0 |       0 |      54 |   0.0 |   949
          Hell |       0 |   65518 |   0.0 |       0 |      94 |   0.0 |  1040
       Abyss:1 |   41157 |   17771 |  69.8 |      39 |      32 |  54.9 |   866
       Abyss:2 |    7605 |    8121 |  48.4 |       9 |      14 |  39.1 |   354
       Abyss:3 |   75443 |    4221 |  94.7 |     120 |      24 |  83.3 |   802
       Abyss:4 |   55759 |   11222 |  83.2 |      90 |      42 |  68.2 |   700
         Sewer |       0 |     156 |   0.0 |       0 |      39 |   0.0 |   550
       Ossuary |       0 |     419 |   0.0 |       0 |      37 |   0.0 |   336
               +---------+---------+-------+---------+---------+-------+---------
